 Dungeon Crawl Stone Soup version 0.20-a0-191-g0795697 (webtiles) character file.

40798 wazuzu the Spear-Bearer (level 13, -7/117 HPs)
             Began as a Minotaur Monk on Nov 23, 2016.
             Was the Champion of Ieoh Jian.
             Killed from afar by a lindwurm (14 damage)
             ... with a blast of flame
             ... while paralysed
             ... on level 6 of the Lair of Beasts.
             The game lasted 00:49:09 (13284 turns).

wazuzu the Spear-Bearer (Minotaur Monk)            Turns: 13284, Time: 00:49:10

Health: -7/117     AC: 18    Str: 24    XL:     13   Next: 76%
Magic:  0/12       EV:  2    Int: 10    God:    Ieoh Jian [******]
Gold:   1317       SH:  0    Dex: 17    Spells: 12/12 levels left

rFire  . . .     SeeInvis .     p - +6 demon trident of Cusufan {venom, Int+3 Dex+4}
rCold  + . .     Gourm    .     B - +3 chain mail {rC+}
rNeg   . . .     Faith    .     (no shield)
rPois  .         Spirit   +     L - +2 hat
rElec  .         Reflect  .     H - +0 cloak
rCorr  .         Harm     .     (no gloves)
MR     +....                    (no boots)
Stlth  ..........               k - amulet of guardian spirit
                                a - +3 ring of strength
                                C - ring of protection from magic

@: paralysed, exhausted, slowed
A: retaliatory headbutt, horns 2
a: Project Weapon, Recall Weapon, Steel Dragonfly Technique, Renounce Religion


You were on level 6 of the Lair of Beasts.
You worshipped Ieoh Jian.
Ieoh Jian was exalted by your worship.
You were not hungry.

You visited 3 branches of the dungeon, and saw 17 of its levels.
You also visited: Bailey.

You collected 1317 gold pieces.

Inventory:

Hand Weapons
 p - the +6 demon trident of Cusufan (weapon) {venom, Int+3 Dex+4}
   (You took it off a kobold in a bailey)

   It poisons the flesh of those it strikes.
   It affects your intelligence (+3).
   It affects your dexterity (+4).
Armour
 B - a +3 chain mail of cold resistance (worn)
 H - a +0 cloak (worn)
 L - a +2 hat (worn)
Jewellery
 a - a +3 ring of strength (right hand)
 k - an amulet of guardian spirit (around neck)
 C - a ring of protection from magic (left hand)
 F - an uncursed ring of magical power {unknown}
 P - an uncursed ring of poison resistance {unknown}
 U - an uncursed ring of positive energy {unknown}
Wands
 j - a wand of lightning (9/15)
 q - a wand of teleportation (8/9)
 A - a wand of acid (6/15)
 D - a wand of iceblast (8/15)
Scrolls
 b - 2 scrolls of recharging
 d - 3 scrolls of teleportation
 h - 8 scrolls of remove curse
 i - a scroll of brand weapon
 n - 3 scrolls of enchant armour
 s - 4 scrolls of fear
 v - a scroll of magic mapping
 w - 2 scrolls of blinking
 J - a scroll of identify
 O - a scroll of enchant weapon
 S - 2 scrolls of fog
Potions
 e - 6 potions of curing
 g - a potion of mutation
 l - 3 potions of cancellation
 o - 2 potions of magic
 x - a potion of brilliance
 E - a potion of ambrosia
 G - 2 potions of flight
 I - a potion of invisibility
 M - a potion of berserk rage
 T - a potion of heal wounds
Books
 r - the Papyrus of Creation and the Oath
   (You found it on level 8 of the Dungeon)

   Spells                             Type                      Level
   a - Confusing Touch                Hexes                        1
   b - Corona                         Hexes                        1
   c - Fulminant Prism                Conjuration/Hexes            4
   d - Cause Fear                     Hexes                        4
   e - Summon Forest                  Summoning/Translocation      5
   f - Aura of Abjuration             Summoning                    5
 y - a book of Necromancy

   Spells                             Type                      Level
   a - Pain                           Necromancy                   1
   b - Animate Skeleton               Necromancy                   1
   c - Vampiric Draining              Necromancy                   3
   d - Regeneration                   Charms/Necromancy            3
   e - Animate Dead                   Necromancy                   4
   f - Control Undead                 Necromancy                   4
 z - a book of Flames

   Spells                             Type                      Level
   a - Flame Tongue                   Conjuration/Fire             1
   b - Throw Flame                    Conjuration/Fire             2
   c - Conjure Flame                  Conjuration/Fire             3
   d - Inner Flame                    Hexes/Fire                   3
   e - Sticky Flame                   Conjuration/Fire             4
   f - Fireball                       Conjuration/Fire             5
Comestibles
 c - 10 bread rations
 f - 7 meat rations
 m - 11 fruits
 t - 2 beef jerkies
 u - 2 slices of pizza
 K - 23 chunks of flesh


   Skills:
 + Level 11.7 Fighting
   Level 11.9(17.6) Long Blades
   Level 7.9(17.3) Maces & Flails
 - Level 14.0(17.9) Polearms
 + Level 12.0 Armour
 + Level 11.9 Dodging
 - Level 1.5 Stealth


You had 12 spell levels left.
You didn't know any spells.

Dungeon Overview and Level Annotations

Branches:
Dungeon (10/15)            Temple (1/1) D:4            Lair (6/6) D:8
  Swamp (0/4) Lair:2        Snake (0/4) Lair:4        Slime (0/5) Lair:6
    Orc (0/2) D:9

Altars:
Ashenzari
Cheibriados
Dithmenos
Elyvilon
Fedhas
Gozag
Hepliaklqana Ieoh Jian
Kikubaaqudgha
Makhleb
Nemelex Xobeh
Okawaru
Qazlal
Ru
Sif Muna
Trog
Uskayaw
Vehumet
Xom
Yredelemnul
Zin
The Shining One
Beogh


Innate Abilities, Weirdness & Mutations

You reflexively headbutt those who attack you in melee.
You have a pair of horns on your head.


Message History

Your flying weapon closely misses something.
The lindwurm bites you!
* * * LOW HITPOINT WARNING * * *
The lindwurm claws you.
* * * LOW HITPOINT WARNING * * *
The lindwurm claws you but does no damage.
Your flying weapon completely misses something.
The Council is losing interest.
Your flying weapon misses something.
Your flying weapon closely misses something.
The lindwurm bites you.
* * * LOW HITPOINT WARNING * * *
The lindwurm claws you but does no damage.
The lindwurm claws you.
* * * LOW HITPOINT WARNING * * *
Your flying weapon closely misses something.
Your flying weapon barely misses something.
The lindwurm breathes flames at you. The blast of flame hits you!
You die...

..## #. ...# #..
..... #.. .....
##..### ......
#...P.## #.....#
##.....###D..§..#
#.......)††§.§...
##.....@k........
#...#.####.......
####...###
###.(..
#.##.....# §≈≈
#..#..#.....## #§
#..#####...# #†÷#
#... ##.### #..#.
#....##.....


You could see a lindwurm, a steam dragon and a friendly flying weapon.

Vanquished Creatures
  Gastronok (Lair:1)
  Kirke (Lair:4)
  4 hydras
  Erica (D:8)
  3 centaur warriors
  The ghost of Gorfmaster the Cleaver, a novice MiFi of Ieoh Jian (Bailey)
  A flayed ghost (D:8)
  A deep elf archer (D:8)
  2 hill giants (D:10)
  Pikel (D:8)
  An orc knight (Bailey)
  7 black mambas
  3 elephants (Lair:3)
  A torpor snail (Lair:4)
  2 molten gargoyles (Lair:6)
  9 spiny frogs
  3 rime drakes
  A freezing wraith (D:8)
  7 komodo dragons
  2 polar bears
  8 blink frogs
  11 dream sheep
  8 hippogriffs
  A slime creature (D:8)
  29 yaks
  A wyvern (Lair:4)
  Sigmund (D:3)
  A human (D:6)
  4 hogs (Lair:4)
  Eustachio (D:4)
  5 basilisks
  6 vampire mosquitoes
  A mottled dragon (D:8)
  Edmund (D:5)
  3 hungry ghosts
  3 wargs (D:8)
  7 porcupines
  Purgy (D:4)
  4 hell hounds (Lair:6)
  10 water moccasins
  An ice beast (D:10)
  7 orc warriors
  A black bear (Lair:5)
  3 sky beasts
  5 ogres
  31 wolves
  3 centaurs
  7 crocodiles
  Blork the orc (D:5)
  2 big kobolds (D:8)
  13 bullfrogs
  4 scorpions
  5 wights (D:6)
  An electric eel (Lair:1)
  2 howler monkeys
  A centaur zombie (D:10)
  3 crimson imps
  3 iron imps (D:9)
  5 hounds
  6 jellies
  A centaur skeleton (D:6)
  7 orc priests
  15 orc wizards
  2 iguanas (D:6)
  2 worker ants
  2 hound skeletons
  A worker ant zombie (D:9)
  15 adders
  6 gnolls
  An ooze (D:2)
  An adder skeleton (D:4)
  5 worms
  3 dart slugs
  7 leopard geckos
  26 orcs
  2 ball pythons
  5 giant cockroaches
  5 goblins
  6 hobgoblins
  15 jackals
  25 kobolds
  5 quokkas
  9 bats
  5 frilled lizards
  A jackal skeleton (D:4)
  A kobold zombie (D:6)
  A quokka zombie (D:6)
  5 rats
  A fungus (Lair:6)
  2 plants
444 creatures vanquished.

Vanquished Creatures (others)
  40 flying weapons
  A necrophage (D:8)
  A jelly (D:8)
  5 kobolds (D:8)
  4 fungi
  2 plants (D:3)
53 creatures vanquished.

Grand Total: 497 creatures vanquished

Notes
Turn   | Place    | Note
-------+----------+-------------------------------------------
     0 | D:1      | wazuzu the Minotaur Monk began the quest for the Orb.
     0 | D:1      | Reached XP level 1. HP: 19/19 MP: 0/0
   122 | D:1      | Reached XP level 2. HP: 23/26 MP: 1/1
   303 | D:1      | Reached skill level 5 in Long Blades
   418 | D:1      | Reached XP level 3. HP: 31/31 MP: 2/2
   799 | D:2      | Reached XP level 4. HP: 22/39 MP: 1/3
  1051 | D:2      | Found a blossoming altar of Fedhas.
  1074 | D:2      | Found a deep blue altar of Sif Muna.
  1213 | D:3      | Noticed Sigmund
  1226 | D:3      | Killed Sigmund
  1226 | D:3      | Reached XP level 5. HP: 30/45 MP: 2/4
  1258 | D:3      | Found a shattered altar of Ashenzari.
  1262 | D:3      | Saw a vision of the Swamp and the Snake Pit.
  1262 | D:3      | Noticed an alligator
  1262 | D:3      | Noticed a water moccasin
  1262 | D:3      | Noticed an alligator
  1262 | D:3      | Noticed a water moccasin
  1262 | D:3      | Noticed a swamp drake
  1262 | D:3      | Noticed a naga mage
  1262 | D:3      | Noticed a naga
  1262 | D:3      | Noticed a naga warrior
  1262 | D:3      | Noticed a salamander
  1262 | D:3      | Noticed a naga mage
  1262 | D:3      | Noticed a mana viper
  1262 | D:3      | Noticed a naga
  1262 | D:3      | Noticed a naga ritualist
  1263 | D:3      | Noticed a naga
  1264 | D:3      | Noticed a naga
  1533 | D:3      | Reached XP level 6. HP: 51/51 MP: 5/5
  1882 | D:4      | Noticed Purgy
  1900 | D:4      | Killed Purgy
  2000 | D:4      | Found a staircase to the Ecumenical Temple.
  2055 | Temple   | Entered the Ecumenical Temple
  2078 | Temple   | Became a worshipper of Ieoh Jian the Bladed Council
  2078 | Temple   | Reached * piety under Ieoh Jian
  2078 | Temple   | Reached ** piety under Ieoh Jian
  2332 | D:4      | Noticed Eustachio
  2354 | D:4      | Killed Eustachio
  2354 | D:4      | Reached XP level 7. HP: 34/57 MP: 3/6
  2752 | D:5      | Entered Level 5 of the Dungeon
  2764 | D:5      | Reached skill level 10 in Long Blades
  2899 | D:5      | Noticed Blork the orc
  2906 | D:5      | Killed Blork the orc
  3348 | D:5      | Reached XP level 8. HP: 47/64 MP: 5/7
  3456 | D:5      | Noticed Edmund
  3466 | D:5      | Killed Edmund
  3645 | D:6      | Reached skill level 1 in Maces & Flails
  3698 | D:6      | Found a runed door.
  3702 | D:6      | Found a basalt altar of Yredelemnul.
  3710 | D:6      | Reached *** piety under Ieoh Jian
  3714 | D:6      | Reached skill level 5 in Maces & Flails
  4235 | D:6      | Reached XP level 9. HP: 42/70 MP: 5/8
  4416 | D:6      | Found a glowing silver altar of Zin.
  4586 | D:7      | Reached skill level 1 in Polearms
  4587 | D:7      | Reached skill level 2 in Polearms
  4896 | D:7      | Reached skill level 3 in Polearms
  4899 | D:7      | Reached skill level 4 in Polearms
  5159 | D:8      | Noticed Pikel
  5165 | D:8      | Killed Pikel
  5233 | D:8      | Found a staircase to the Lair.
  5236 | D:8      | Reached skill level 5 in Fighting
  5243 | D:8      | Reached skill level 5 in Dodging
  5330 | D:8      | Reached **** piety under Ieoh Jian
  5518 | D:8      | Noticed Erica
  5528 | D:8      | Killed Erica
  5528 | D:8      | Reached skill level 5 in Armour
  5528 | D:8      | Reached XP level 10. HP: 21/84 MP: 3/9
  5874 | D:8      | Found a runed door.
  5874 | D:8      | Noticed a centaur warrior
  5874 | D:8      | Noticed a flayed ghost
  5876 | D:8      | Noticed a centaur warrior
  5876 | D:8      | Noticed a deep elf archer
  5890 | D:8      | Killed a centaur warrior
  5897 | D:8      | Killed a flayed ghost
  5908 | D:8      | Killed a centaur warrior
  5921 | D:8      | HP: 2/90 [deep elf archer/arrow (13)]
  5930 | D:8      | Killed a deep elf archer
  5935 | D:8      | Identified the Papyrus of Creation and the Oath
  6308 | D:9      | Found an iron altar of Okawaru.
  6646 | D:9      | Reached XP level 11. HP: 95/95 MP: 10/10
  6652 | D:9      | Found a staircase to the Orcish Mines.
  6660 | D:9      | Found a roughly hewn altar of Beogh.
  7211 | D:9      | Found a burning altar of Makhleb.
  7318 | D:10     | Entered Level 10 of the Dungeon
  7377 | D:10     | Noticed a centaur warrior
  7385 | D:10     | Killed a centaur warrior
  7407 | D:10     | Found a flagged portal.
  7410 | D:10     | Found Qoom's Weapon Boutique.
  7414 | D:10     | Noticed a hill giant
  7416 | D:10     | Killed a hill giant
  7426 | D:10     | Got a crystal hand axe
  7433 | D:10     | Identified the cursed +3 hand axe of Kellulas {venom, rPois} (You found it on level 10 of the Dungeon)
  7438 | Bailey   | Entered a bailey
  7467 | Bailey   | Noticed Gorfmaster's ghost (novice MiFi)
  7481 | Bailey   | Killed Gorfmaster's ghost
  7493 | Bailey   | Noticed an orc knight
  7503 | Bailey   | Reached ***** piety under Ieoh Jian
  7650 | Bailey   | Got a brightly glowing demon trident {venom}
  7667 | Bailey   | Identified the +6 demon trident of Cusufan {venom, Int+3 Dex+4} (You took it off a kobold in a bailey)
  7749 | Bailey   | Killed an orc knight
  8010 | D:10     | Noticed a hill giant
  8015 | D:10     | Killed a hill giant
  8015 | D:10     | Reached skill level 10 in Fighting
  8325 | Lair:1   | Entered Level 1 of the Lair of Beasts
  8328 | Lair:1   | Noticed Gastronok
  8344 | Lair:1   | Killed Gastronok
  8344 | Lair:1   | Reached skill level 10 in Armour
  8344 | Lair:1   | Reached skill level 10 in Dodging
  8409 | Lair:1   | Reached skill level 5 in Polearms
  8450 | Lair:1   | Noticed a seven-headed hydra
  8457 | Lair:1   | Killed a seven-headed hydra
  8457 | Lair:1   | Reached skill level 6 in Polearms
  8615 | Lair:1   | Reached skill level 7 in Polearms
  8615 | Lair:1   | Reached XP level 12. HP: 94/106 MP: 9/11
  9444 | Lair:2   | Reached skill level 8 in Polearms
  9462 | Lair:2   | Noticed an eight-headed hydra
  9470 | Lair:2   | Killed an eight-headed hydra
  9523 | Lair:2   | Reached skill level 9 in Polearms
  9740 | Lair:2   | Reached skill level 10 in Polearms
  9964 | Lair:2   | Found a staircase to the Swamp.
 10416 | Lair:3   | Reached skill level 11 in Polearms
 10607 | Lair:3   | Reached skill level 12 in Polearms
 10957 | Lair:4   | Found a staircase to the Snake Pit.
 10969 | Lair:4   | Reached skill level 13 in Polearms
 11061 | Lair:4   | Noticed Kirke
 11078 | Lair:4   | Killed Kirke
 11081 | Lair:4   | Reached XP level 13. HP: 36/113 MP: 8/12
 11379 | Lair:4   | Reached skill level 14 in Polearms
 11801 | Lair:4   | Reached ****** piety under Ieoh Jian
 12978 | Lair:6   | Entered Level 6 of the Lair of Beasts
 13075 | Lair:6   | Found a staircase to the Slime Pits.
 13284 | Lair:6   | Killed from afar by a lindwurm

Vault maps used:
D:1:      dpeg_arrival_rooms_with_view
D:2:      fedhas_altar_2, lemuel_coloured_pillars_altar, first_bread
D:3:      minivault_24, grunt_ashenzari_visionary, uniq_sigmund
D:4:      minmay_a_box_with_orc_wizards_in_it, uniq_purgy, uniq_eustachio
D:5:      minmay_misc_feat_columns, uniq_edmund, uniq_blork_the_orc
D:6:      zin_academy, dk_yredelemnul_ordeal
D:8:      minmay_gate_of_8, erik_lair_orcish_takeover, uniq_erica, uniq_pikel
D:9:      demons_altar, okawaru_trees_2, minmay_orc_entry_temple_large
D:10:     serial_shops, shop, enter_bailey_2
Temple:   nicolae_temple_elliptical
Lair:1:   lemuel_fruit_tree, serial_bayou_shore_a, uniq_gastronok
Lair:2:   minmay_swamp_entry_swarm
Lair:4:   minmay_snake_entry_six_corridors, serial_bayou_shore_b, uniq_kirke
Lair:5:   lemuel_fruit_fields
Lair:6:   cheibrodos_lair_end_hotspot, minmay_slime_entry_pillars
Bailey:   bailey_axe_4, bailey

Skill      XL: |  1  2  3  4  5  6  7  8  9 10 11 12 13 |
---------------+----------------------------------------+-----
Long Blades    | 4 5 8 9 11 | 11.9
Maces & Flails | 7 |  7.9
Polearms       | 4 7 13 14 | 14.0
Fighting       | 6 8 10 11 | 11.7
Armour         | 5 7 10 12 | 12.0
Dodging        | 6 8 10 11 | 11.9
Stealth        | |  1.5

Action                   |  1- 3 |  4- 6 |  7- 9 | 10-12 | 13-15 || total
-------------------------+-------+-------+-------+-------+-------++-------
Melee: Falchion          |    67 |   114 |   108 |       |       ||   289
       Headbutt          |    11 |    33 |    43 |    83 |    53 ||   223
       Punch             |       |       |     3 |     9 |    16 ||    28
       Flail             |       |       |    62 |       |       ||    62
       War axe           |       |       |     2 |       |       ||     2
       Morningstar       |       |       |     2 |       |       ||     2
       Halberd           |       |       |    92 |   143 |       ||   235
       Long sword        |       |       |     2 |       |       ||     2
       Bardiche          |       |       |     1 |     3 |       ||     4
       Quarterstaff      |       |       |     1 |       |       ||     1
       Demon trident     |       |       |       |   283 |   229 ||   512
       Scythe            |       |       |       |     6 |     9 ||    15
       Demon whip        |       |       |       |     3 |     1 ||     4
       Quick blade       |       |       |       |     3 |       ||     3
       Battleaxe         |       |       |       |     3 |       ||     3
       Great mace        |       |       |       |     7 |       ||     7
       Demon blade       |       |       |       |       |     5 ||     5
Invok: Recall Weapon     |       |     1 |       |       |       ||     1
  Use: Scroll            |       |     5 |     6 |    24 |     2 ||    37
       Potion            |       |     1 |       |    12 |     1 ||    14
 Stab: Sleeping          |     2 |       |       |       |       ||     2
       Distracted        |       |       |       |     2 |     2 ||     4
  Eat: Chunk             |       |     4 |    12 |    10 |     7 ||    33
       Fruit             |       |       |       |     4 |       ||     4
       Bread ration      |       |       |       |     1 |       ||     1
Armor: Robe              |     2 |       |       |       |       ||     2
       Chain mail        |    34 |    77 |    82 |   124 |    52 ||   369
       Skin              |       |       |       |     1 |       ||     1
Dodge: Dodged            |    32 |    51 |    83 |   159 |    85 ||   410
       Rpst.: Falchion   |    14 |    11 |     4 |       |       ||    29
